 Dungeon Crawl Stone Soup version 0.26-a0-812-g31a745ddcd (webtiles) character file.

Game seed: 3286887072920138764

109 Lanoc the Caller (level 4, -2/21 HPs)
             Began as a Vine Stalker Summoner on Nov 23, 2020.
             Was an Initiate of Gozag.
             Slain by an orc wizard
             ... wielding a +0 dagger
              (5 damage)
             ... on level 4 of the Dungeon.
             The game lasted 00:03:35 (2038 turns).

Lanoc the Caller (Vine Stalker Summoner)            Turns: 2038, Time: 00:03:36

Health: -2/21      AC:  2    Str: 11    XL:     4   Next: 90%
Magic:  0/8        EV: 12    Int: 16    God:    Gozag
Gold:   68         SH:  0    Dex: 14    Spells: 4/7 levels left

rFire    . . .     SeeInvis .   i - +0 spear (venom)
rCold    . . .     Faith    .   (no shield)
rNeg     . . .     Spirit   +   a - +0 robe
rPois    .         Reflect  .   (no helmet)
rElec    .         Harm     .   (no cloak)
rCorr    .         Rampage  .   (no gloves)
MR       .....                  (no boots)
Stlth    +.........             (no amulet)
HPRegen  0.47/turn              c - ring of flight
MPRegen  0.11/turn              (no ring)

@: confused, lightly drained
A: fangs 2, regeneration 1, magic shield, antimagic bite, no potion heal 3, rot
immunity
a: Potion Petition, Call Merchant, Bribe Branch, Renounce Religion, Evoke Flight


You were on level 4 of the Dungeon.
You worshipped Gozag.
Gozag was noncommittal.
You visited 1 branch of the dungeon, and saw 4 of its levels.

You collected 68 gold pieces.

Inventory:

Hand Weapons
 i - a +0 spear of venom (weapon)
Armour
 a - a +0 robe (worn)
Jewellery
 c - a ring of flight (left hand)
Wands
 f - a wand of random effects (18)
Scrolls
 b - a scroll of fog {unknown}
 d - a scroll of blinking {unknown}
 e - a scroll of identify {unknown}
 g - a scroll of fear {unknown}
 h - a scroll of enchant armour {unknown}


   Skills:
 + Level 2.6(2.1) Dodging
 - Level 2.4(1.9) Stealth
 - Level 2.1(1.7) Spellcasting
 * Level 5.4(5.0) Summonings


You had 4 spell levels left.
You knew the following spells:

 Your Spells              Type           Power        Failure   Level
a - Summon Small Mammal   Summ           ###.         2%          1
b - Call Imp              Summ           ###.....     4%          2

Your spell library contained the following spells:

 Spells                   Type           Power        Failure   Level
 Call Canine Familiar     Summ           ###.....     9%          3
 Summon Guardian Golem    Hex/Summ       #.......     22%         3
 Summon Ice Beast         Ice/Summ       #.......     58%         4
 Summon Lightning Spire   Summ/Air       #.......     58%         4


Dungeon Overview and Level Annotations

Branches:
Dungeon (4/15)
 Temple: D:4-7

Altars:
Gozag


Innate Abilities, Weirdness & Mutations

You have extremely sharp teeth.
Your natural rate of healing is unusually fast.
When hurt, damage is shared between your health and your magic reserves.
Your bite disrupts and absorbs the magic of your enemies.
Potions cannot restore your health.
You are immune to rotting.


Message History

a +0 flail; a +0 leather armour Your crimson imp blinks!
There is a stone staircase leading down here.
You climb downwards.
The orc hits you with a +0 dagger. The orc wizard casts a spell at you.
You are confused.
The orc closely misses you.
There is a stone staircase leading up here.
The orc hits you with a +0 dagger.
In your confused state, you trip and fall back down the stairs.
The hound completely misses you. The orc hits you with a +0 dagger.
The orc wizard gestures at you while chanting.
The puff of flame hits you! The hound bites you.
The orc wizard hits you with a +0 dagger.
* * * LOW HITPOINT WARNING * * *
The orc hits you with a +0 dagger.
The orc wizard hits you with a +0 dagger.
You die...
Your body crumbles into a pile of gold.

### . ..# #+###
.. #..##......
... .........$
....##..#......
...............
#......oh......
#......@.......
#......oo......
#....s.........
#.......)......
#<........#.##.
#.........#.#
#######.#.# #
#.#.#


You could see a scorpion, a hound, 2 orc wizards and an orc.

Vanquished Creatures
  3 dart slugs
  3 orcs (D:3)
  A bat (D:2)
  2 giant cockroaches
  2 jackals (D:3)
  A goblin (D:2)
  3 kobolds
  2 rats
17 creatures vanquished.

Vanquished Creatures (collateral kills)
  An ice beast (D:3)
  Ijyb (D:3)
  3 adders
  A worm (D:2)
  2 giant cockroaches
  3 goblins
  2 hobgoblins (D:3)
  A jackal (D:3)
  2 bats
  A rat (D:3)
17 creatures vanquished.

Grand Total: 34 creatures vanquished

Notes
Turn   | Place    | Note
-------+----------+-------------------------------------------
     0 | D:1      | Lanoc the Vine Stalker Summoner began the quest for the
                  | Orb.
     0 | D:1      | Reached XP level 1. HP: 9/9 MP: 4/4
   201 | D:2      | Reached XP level 2. HP: 10/13 MP: 3/6
   205 | D:2      | Learned a level 2 spell: Call Imp
   699 | D:3      | Reached XP level 3. HP: 9/16 MP: 4/7
   997 | D:3      | Noticed an ice beast
  1059 | D:3      | Killed an ice beast
  1059 | D:3      | Reached skill level 5 in Summonings
  1059 | D:3      | Gained mutation: Your natural rate of healing is unusually
                  | fast. [Vine Stalker growth]
  1059 | D:3      | Reached XP level 4. HP: 21/21 MP: 1/8
  1169 | D:3      | Noticed Ijyb
  1180 | D:3      | Killed Ijyb
  1430 | D:3      | Found a faded altar of an unknown god.
  1432 | D:3      | Became a worshipper of Gozag Ym Sagoz the Greedy
  2038 | D:4      | Slain by an orc wizard

Illustrated notes

Levels and vault maps discovered:
D:1:      heliophobic_arrival_enchanted_forest, layout_basic
D:2:      layout_loops_corners, uniq_terence, uniq_natasha
D:3:      layout_basic, chequers_ecumenical_altar_twisty, uniq_ijyb
D:4:      layout_basic, gammafunk_temple_overflow_statue,
          minmay_temple_entry_ruins, serial_shops,
          nicolae_shop_overgrown_old_shop, uniq_menkaure, uniq_grinder

Skill      XL: |  1  2  3 |
---------------+----------+-----
Dodging        | 2 |  2.6
Summonings     | 5 |  5.4
Stealth        | |  2.4
Spellcasting   | |  2.1

Action                   |  1- 3 |  4- 6 || total
-------------------------+-------+-------++-------
Melee: Unarmed           |    44 |    31 ||    75
       Bite              |     9 |    14 ||    23
       Spear             |       |    14 ||    14
 Cast: Summon Small Mamm |    12 |       ||    12
       Call Imp          |    16 |     7 ||    23
 Stab: Sleeping          |     1 |       ||     1
Armor: Robe              |     9 |     4 ||    13
Dodge: Dodged            |    27 |    33 ||    60

Table legend: (Time is in decaauts)
 A = Elapsed time spent in this place.
 B = Non-inter-level travel time spent in this place.
 C = Inter-level travel time spent in this place.
 D = Time resting spent in this place.
 E = Time spent auto-exploring this place.
 F = Levels seen in this place.
 G = Mean time per level.
                   A        B        C        D        E       F      G
               +--------+--------+--------+--------+--------+-----+--------+
         Total |   2039 |   1986 |     53 |      0 |   1597 |   4 |  509.8 |
       Dungeon |   2039 |   1986 |     53 |      0 |   1597 |   4 |  509.8 |
               +--------+--------+--------+--------+--------+-----+--------+

Top non-repeatable levels by time:
     D:3: 1401 daAuts
     D:2: 496 daAuts
     D:1: 134 daAuts
     D:4: 7 daAuts
